 Dungeon Crawl Stone Soup version 0.30.2 (webtiles) character file.

Game seed: 15745155724062014140

3614 porpoise the Slicer (level 10, -15/63 HPs)
             Began as a Kobold Brigand on Feb 7, 2024.
             Was a Believer of Uskayaw.
             Demolished by a white ugly thing (35 damage)
             ... on level 8 of the Dungeon.
             The game lasted 00:26:58 (9133 turns).

porpoise the Slicer (Kobold Brigand)                Turns: 9133, Time: 00:26:59

Health: -15/63     AC: 10    Str:  9    XL:     10   Next: 32%
Magic:  14/14      EV: 21    Int: 12    God:    Uskayaw [**....]
Gold:   311        SH:  6    Dex: 21    Spells: 7/9 levels left

rFire   . . .        a - +0 dagger (venom)
rCold   . . .        H - +0 buckler
rNeg    + . .        N - +0 acid dragon scales
rPois   .            q - +0 helmet
rElec   .            c - +0 cloak
rCorr   +            o - +0 pair of gloves
SInv    .            G - +0 pair of boots
Will    .....        (no amulet)
Stlth   +++++        C - ring of positive energy
HPRegen 0.30/turn    z - +5 ring of evasion
MPRegen 0.14/turn

%: no passive effects
@: no status effects
A: small, no large weapons, nightstalker 3
a: Renounce Religion, Stomp, Line Pass


You were on level 8 of the Dungeon.
You worshipped Uskayaw.
Uskayaw was noncommittal.
You visited 2 branches of the dungeon, and saw 9 of its levels.
You also visited: Sewer.

You collected 311 gold pieces.

Inventory:

Hand Weapons
 a - a +0 dagger of venom (weapon)
 b - a +4 scimitar
 I - a +2 dagger of speed
Missiles
 d - 19 poisoned darts (quivered)
 e - 3 curare-tipped darts
 y - 11 boomerangs
Armour
 c - a +0 cloak (worn)
 g - the +1 ring mail "Baschu Ulubu" {rC++ Int+5 Stlth+}
   (You found it on level 3 of the Dungeon)

   Int:       It affects your intelligence (+5).
   rC:        It greatly protects you from cold.
   Stlth:     It makes you more stealthy.
 o - a +0 pair of gloves (worn)
 q - a +0 helmet (worn)
 D - +0 steam dragon scales
 F - the +1 ring mail of Lilacs {+Inv rPois Dex-5}
   (You found it on level 7 of the Dungeon)

   Dex:       It affects your dexterity (-5).
   rPois:     It protects you from poison.
   +Inv:      It lets you turn invisible.
 G - a +0 pair of boots (worn)
 H - a +0 buckler (worn)
 N - +0 acid dragon scales (worn)
Jewellery
 h - a ring of wizardry
 n - a ring of see invisible
 p - a ring of magical power
 z - a +5 ring of evasion (right hand)
 C - a ring of positive energy (left hand)
Wands
 i - a wand of digging (3)
 B - a wand of charming (3)
 E - a wand of light (1)
 J - a wand of iceblast (10)
Scrolls
 k - a scroll of fear {unknown}
 m - 6 scrolls of teleportation
 r - a scroll of butterflies {unknown}
 w - a scroll of amnesia {unknown}
 x - a scroll of brand weapon {unknown}
 L - a scroll of fog {unknown}
 M - a scroll of identify
Potions
 f - a potion of heal wounds
 j - 2 potions of lignification
 l - 6 potions of curing
 s - 4 potions of flight
 t - a potion of ambrosia
 u - 3 potions of invisibility
 v - 3 potions of brilliance
 A - a potion of haste
 K - a potion of berserk rage


   Skills:
 - Level 7.0 Fighting
 - Level 10.0 Short Blades
 - Level 2.1 Throwing
 + Level 5.5 Dodging
 - Level 9.8 Stealth
 + Level 3.6 Shields
 + Level 6.2 Invocations


You had 7 spell levels left.
You knew the following spells:

 Your Spells              Type           Power      Damage    Failure   Level
e - Ensorcelled Hibernat  Hex/Ice        0%         N/A       77%         2

Your spell library contained the following spells:

 Spells                   Type           Power      Damage    Failure   Level
 Passwall                 Tmut/Erth      0%         N/A       77%         2
 Static Discharge         Conj/Air       0%         2-2/arc   77%         2
 Sublimation of Blood     Necr           0%         N/A       77%         2
 Dazzling Flash           Conj/Hex       0%         N/A       94%         3
 Swiftness                Air            0%         N/A       94%         3
 Airstrike                Air            0%         2d(0-16)  100%        4
 Petrify                  Tmut/Erth      0%         N/A       100%        4
 Summon Lightning Spire   Summ/Air       0%         N/A       100%        4
 Agony                    Necr           0%         N/A       100%        5
 Alistair's Intoxication  Tmut/Pois      0%         N/A       100%        5
 Borgnjor's Vile Clutch   Necr/Erth      0%         N/A       100%        5
 Irradiate                Conj/Tmut      0%         3d11      100%        5
 Metabolic Englaciation   Hex/Ice        0%         N/A       100%        5
 Silence                  Hex/Air        0%         N/A       100%        5
 Eringya's Noxious Bog    Tmut/Pois      0%         N/A       100%        6
 Statue Form              Tmut/Erth      0%         N/A       100%        6


Dungeon Overview and Level Annotations

Branches:
Dungeon (8/15)             Temple (1/1) D:5           Sewer (visited)
   Lair: D:8-11

Altars:
Ashenzari
Cheibriados
Dithmenos
Fedhas
Gozag
Kikubaaqudgha
Nemelex Xobeh
Okawaru
Qazlal
Ru
Sif Muna
Uskayaw
Vehumet
Wu Jian
Xom
The Shining One

Shops:
D:4 [

Annotations:
D:8 1 runed translucent door, AberrantSnake's ghost, novice NaVM


Innate Abilities, Weirdness & Mutations

You are small and have problems with some larger weapons.
You are completely attuned to the shadows.


Message History

You barely miss the white ugly thing.
The white ugly thing is heavily wounded.
The white ugly thing misses you.
You hit the white ugly thing.
The white ugly thing looks as sick as possible!
The white ugly thing is heavily wounded.
You can now pass through a line of other dancers.
You closely miss the white ugly thing.
The white ugly thing is severely wounded.
You block the white ugly thing's attack.
You hit the white ugly thing but do no damage.
The white ugly thing looks as sick as possible!
The white ugly thing is severely wounded.
The white ugly thing completely misses you.
You hit the white ugly thing.
The white ugly thing looks as sick as possible!
The white ugly thing is severely wounded.
You hit the white ugly thing.
The white ugly thing looks as sick as possible!
The white ugly thing is severely wounded.
The white ugly thing closely misses you.
You closely miss the white ugly thing.
The white ugly thing is severely wounded.
You closely miss the white ugly thing.
The white ugly thing is severely wounded.
The white ugly thing headbutts you. The white ugly thing freezes you!
The killer bee buzzes angrily.
You hit the white ugly thing.
The white ugly thing is severely wounded.
You closely miss the white ugly thing.
The white ugly thing is almost dead.
The white ugly thing misses you.
You barely miss the white ugly thing.
The white ugly thing is almost dead.
You hit the white ugly thing.
The white ugly thing looks as sick as possible!
The white ugly thing is almost dead.
The white ugly thing headbutts you! The white ugly thing freezes you!!
Ouch! That really hurt!
You die...

..............###
.........######
........#
#(...#.#########
#((#.#.........#
#(.#.#########.#
#yy#.# #.# ##u#.#
#.# #@#.# #.#
###.# #.# #.# #.#
#.# #.#
#.#########.#
#...........#
#############


You could see a white ugly thing (extremely poisoned) and 2 killer bees.

Vanquished Creatures
  A steam dragon (D:5)
  An acid dragon (D:8)
  2 water moccasins (D:6)
  Duvessa (D:6)
  6 black bears
  An ice beast (D:6)
  2 sky beasts
  5 ogres
  Blork the orc (D:4)
  A kobold brigand (Sewer)
  A bullfrog (D:8)
  12 wights
  2 killer bees (D:8)
  2 hounds
  5 orc priests
  A jelly (D:6)
  3 iguanas
  3 sleepcaps
  7 orc wizards
  5 gnolls
  8 adders
  A river rat (Sewer)
  3 shadow imps
  2 ufetubi
  3 dart slugs
  25 orcs
  5 endoplasms
  3 giant cockroaches
  12 goblins
  11 hobgoblins
  7 jackals
  5 quokkas
  6 ball pythons
  7 bats
  2 frilled lizards
  10 kobolds
  13 rats
185 creatures vanquished.

Vanquished Creatures (collateral kills)
  Dowan (D:6)
1 creature vanquished.

Vanquished Creatures (others)
  A wight (D:7)
  An orc (D:6)
2 creatures vanquished.

Grand Total: 188 creatures vanquished

Notes
Turn   | Place    | Note
-------+----------+-------------------------------------------
     0 | D:1      | porpoise the Kobold Brigand began the quest for the Orb.
     0 | D:1      | Reached XP level 1. HP: 12/12 MP: 1/1
    53 | D:1      | Reached skill level 3 in Short Blades
    87 | D:1      | Reached XP level 2. HP: 18/18 MP: 2/2
   248 | D:1      | Reached XP level 3. HP: 22/22 MP: 3/3
  1008 | D:2      | Reached skill level 4 in Short Blades
  1171 | D:2      | Reached XP level 4. HP: 13/27 MP: 4/4
  1745 | D:3      | Reached XP level 5. HP: 32/32 MP: 5/5
  1773 | D:3      | Reached skill level 5 in Short Blades
  1824 | D:3      | Found a glowing drain.
  1829 | Sewer    | Entered a sewer
  1907 | Sewer    | Noticed a kobold brigand
  1945 | Sewer    | Killed a kobold brigand
  1946 | Sewer    | Reached XP level 6. HP: 7/38 MP: 6/6
  2195 | Sewer    | Found a glowing silver altar of Zin.
  2268 | D:3      | Identified the +1 ring mail "Baschu Ulubu" {rC++ Int+5
                  | Stlth+}
  2313 | D:3      | Reached skill level 6 in Short Blades
  2356 | D:3      | Found a radiant altar of Vehumet.
  3271 | D:4      | Found Lizioxes's Armour Boutique.
  3363 | D:4      | Noticed Blork the orc
  3370 | D:4      | Killed Blork the orc
  3371 | D:4      | Reached skill level 7 in Short Blades
  3371 | D:4      | Reached XP level 7. HP: 43/43 MP: 7/7
  3500 | D:4      | Reached skill level 8 in Short Blades
  3922 | D:4      | Reached skill level 5 in Fighting
  3987 | D:5      | Entered Level 5 of the Dungeon
  4002 | D:5      | Reached XP level 8. HP: 24/49 MP: 8/8
  4531 | D:4      | Reached skill level 9 in Short Blades
  4918 | D:5      | Found a staircase to the Ecumenical Temple.
  4924 | Temple   | Entered the Ecumenical Temple
  5001 | Temple   | Became a worshipper of Uskayaw the Reveller
  5051 | D:5      | Reached * piety under Uskayaw
  5073 | D:5      | Reached ** piety under Uskayaw
  5081 | D:5      | Reached *** piety under Uskayaw
  5368 | D:5      | Found a blossoming altar of Fedhas.
  5424 | D:5      | Reached skill level 10 in Short Blades
  5607 | D:5      | Reached skill level 1 in Invocations
  5607 | D:5      | Reached XP level 9. HP: 55/55 MP: 9/9
  6240 | D:6      | Noticed Duvessa
  6328 | D:6      | Found an opulent altar of Gozag.
  6663 | D:6      | Noticed Dowan
  6682 | D:6      | Killed Dowan
  6683 | D:6      | Reached skill level 1 in Shields
  6701 | D:6      | Killed Duvessa
  7091 | D:7      | Found a shadowy altar of Dithmenos.
  7278 | D:7      | Reached **** piety under Uskayaw
  7297 | D:7      | Reached skill level 5 in Invocations
  7297 | D:7      | Reached XP level 10. HP: 24/62 MP: 13/13
  7629 | D:7      | Found an ancient bone altar of Kikubaaqudgha.
  7632 | D:7      | Found a stormy altar of Qazlal.
  7635 | D:7      | Found an ornate altar of the Wu Jian Council.
  7639 | D:7      | Found a sacrificial altar of Ru.
  7642 | D:7      | Found a shimmering altar of Xom.
  7681 | D:7      | Found an iron altar of Okawaru.
  7718 | D:7      | Identified the +1 ring mail of Lilacs {+Inv rPois Dex-5}
  7898 | D:7      | Learned a level 2 spell: Ensorcelled Hibernation
  8212 | D:8      | Found a runed translucent door.
  8494 | D:8      | Reached skill level 5 in Dodging
  8765 | D:8      | Noticed AberrantSnake's ghost (novice NaVM)
  8864 | D:8      | Identified the +2 leather armour "Erauzuut" {+Blink rElec
                  | Str+10 Dex-5}
  9104 | D:8      | Noticed a white ugly thing
  9133 | D:8      | Demolished by a white ugly thing

Illustrated notes

Levels and vault maps discovered:
D:1:      spicycebolla_arrival_clurvy, layout_loops_ring,
          hangedman_abyss_or_decor_lesser_grid, chequers_serial_rivers_marsh
D:2:      layout_basic
D:3:      layout_loops_cross, nicolae_vehumet_radiance, gup_sewer_entry_bowl,
          hangedman_decor_growths, kennysheep_generic_room_8
D:4:      layout_loops_ring, serial_shops, shop_statue, uniq_blork_the_orc
D:5:      layout_basic, fedhas_altar_decomposition, minmay_temple_entry_fiery,
          nrook_mini_backslash
D:6:      layout_cave_pools, grunt_gozag_breadcrumbs, uniq_duvessa
D:7:      layout_basic, hellmonk_okawaru_the_only_friend_you_need,
          nicolae_dithmenos_the_darkroom, nicolae_overflow_hallway_of_the_gods
D:8:      layout_basic, hellmonk_ghost_big_iron, hangedman_decor_points,
          minmay_manual_maat
Temple:   nicolae_temple_two_arcs

Skill      XL: |  1  2  3  4  5  6  7  8  9 10 |
---------------+-------------------------------+-----
Short Blades   | 3 4 5 7 8 10 | 10.0
Fighting       | 3 4 5 6 7 |  7.0
Stealth        | 6 7 8 9 |  9.8
Invocations    | 1 5 6 |  6.2
Dodging        | 3 5 |  5.5
Shields        | 2 3 |  3.6
Throwing       | |  2.1

Action                     |  1- 3 |  4- 6 |  7- 9 | 10-12 || total
---------------------------+-------+-------+-------+-------++-------
  Melee: Dagger            |    77 |   288 |   408 |    91 ||   864
         Punch             |       |     1 |     6 |       ||     7
         Scimitar          |       |       |       |    38 ||    38
  Throw: Dart              |       |     2 |     7 |     9 ||    18
  Evoke: Wand              |       |       |     4 |       ||     4
    Use: Scroll            |       |     3 |     6 |       ||     9
         Potion            |       |     1 |     1 |       ||     2
   Stab: Sleeping          |    15 |    25 |    27 |    10 ||    77
         Distracted        |       |     1 |     1 |       ||     2
         Paralysed         |       |       |     4 |     2 ||     6
         Invisible         |       |       |     1 |       ||     1
 Armour: Robe              |     4 |       |       |       ||     4
         Leather armour    |     4 |    19 |       |       ||    23
         Ring mail         |       |    22 |    69 |     5 ||    96
         Acid dragon scale |       |       |       |     1 ||     1
  Dodge: Dodged            |    30 |    97 |   146 |    56 ||   329
  Block: Buckler           |       |       |    14 |    25 ||    39
